 Dungeon Sprint DCSS version 0.20-a0-1124-g2e29d97 (webtiles) character file.

205 potatolord6000 the Covered (level 5, -20/57 HPs)
             Began as a Gargoyle Fighter on May 15, 2017.
             Was an Initiate of Gozag.
             Demolished by a two-headed ogre
             ... wielding a +0 giant club
              (23 damage)
             ... in the Dungeon (Sprint IX: "|||||||||||||||||||||||||||||").
             The game lasted 00:01:14 (322 turns).

potatolord6000 the Covered (Gargoyle Fighter)        Turns: 322, Time: 00:01:15

Health: -20/57     AC: 20    Str: 25    XL:     5   Next: 83%
Magic:  5/5        EV:  8    Int:  9    God:    Gozag
Gold:   0          SH: 11    Dex:  9    Spells: 4/4 levels left

rFire    . . .     SeeInvis .   a - +0 flail
rCold    . . .     Gourm    .   c - +0 shield
rNeg     + . .     Faith    .   p - +1 chain mail
rPois    ∞         Spirit   .   o - +0 helmet
rElec    +         Reflect  .   n - +0 cloak
rCorr    .         Harm     .   (no gloves)
MR       .....     NoTele   +   (no boots)
Stlth    ..........             (no amulet)
Regen    0.2/turn               q - +2 ring of protection
MPRegen  0.1/turn               b - +2 ring of evasion

@: berserking (expiring), very quick
A: negative energy resistance 1, electricity resistance, unbreathing,
petrification resistance, rot immunity, AC +4
a: Potion Petition, Call Merchant, Bribe Branch, Renounce Religion


You were in the Dungeon.
You worshipped Gozag.
Gozag was noncommittal.
You were not hungry.

You visited 1 branch

Inventory:

Hand Weapons
 a - a +0 flail (weapon)
Armour
 c - a +0 shield (worn)
 n - a +0 cloak (worn)
 o - a +0 helmet (worn)
 p - a +1 chain mail (worn)
Jewellery
 b - a +2 ring of evasion (right hand)
 q - a +2 ring of protection (left hand)
Wands
 m - a wand of iceblast (7/15)
Scrolls
 h - 3 scrolls of remove curse
 k - 2 scrolls of blinking
 l - 2 scrolls of amnesia
Potions
 d - a potion of invisibility
 e - 5 potions of curing
 g - 3 potions of heal wounds
 i - 4 potions of magic
Comestibles
 f - a bread ration


   Skills:
 + Level 7.1 Fighting
 + Level 6.0 Maces & Flails
 + Level 7.1 Armour
 + Level 7.1 Shields


You had 4 spell levels left.
You didn't know any spells.

Dungeon Overview and Level Annotations

Branches:
Dungeon (1/1)

Altars:
Cheibriados
Dithmenos
Elyvilon
Fedhas
Gozag
Hepliaklqana
Kikubaaqudgha
Makhleb
Nemelex Xobeh
Okawaru
Qazlal
Ru
Sif Muna
Trog
Uskayaw
Vehumet
Wu Jian
Xom
Yredelemnul
Zin
The Shining One
Beogh
Jiyva
Lugonu


Innate Abilities, Weirdness & Mutations

You are resistant to torment.
Your stone body is resilient. (AC +4)
You are immune to poison.
You resist negative energy. (rN+)
You are resistant to electric shocks. (rElec)
You can survive without breathing.
You are immune to petrification.
You are immune to rotting.


Message History

You block the two-headed ogre's attack. x2
You sock the two-headed ogre!
The two-headed ogre is severely wounded.
Your chain mail prevents you from hitting the two-headed ogre.
The two-headed ogre is severely wounded.
The orc wizard mumbles some strange words.
The orc wizard flickers and vanishes!
Deactivating autopickup; reactivate with Ctrl-A.
The two-headed ogre barely misses you.
The two-headed ogre hits you with a giant spiked club!
* * * LOW HITPOINT WARNING * * *
You barely miss the two-headed ogre.
The two-headed ogre is severely wounded.
You sock the two-headed ogre!
The two-headed ogre is almost dead.
The orc wizard casts a spell.
The orc wizard flickers and vanishes!
The two-headed ogre hits you with a giant club!!
You die...
Your body crumbles into a pile of gold.

$
▓.▓
$
▓.▓
$
▓|▓
$
▓)▓
▓.▓
$
▓.▓
▓[▓
$
▓.▓
▓@▓
$
▓O▓
$
▓{▓
$
▓H▓
$
▓o▓
$
▓o▓
$
▓{▓
$
▓.▓


You could see a two-headed ogre, a hippogriff and 2 orc warriors.

Vanquished Creatures
  An ice beast (D)
  An ogre (D)
  A worker ant (D)
  A leopard gecko (D)
  2 bats (D)
  2 goblins (D)
  A quokka (D)
  A rat (D)
10 creatures vanquished.

Notes
Turn   | Place    | Note
-------+----------+-------------------------------------------
     0 | D        | potatolord6000 the Gargoyle Fighter began the quest for the Orb.
     0 | D        | Reached XP level 1. HP: 14/14 MP: 1/1
    63 | D        | Noticed a worker ant
    63 | D        | Noticed an ice beast
    63 | D        | Noticed an ogre
    70 | D        | Reached XP level 2. HP: 19/20 MP: 2/2
    72 | D        | Reached XP level 3. HP: 23/24 MP: 3/3
    84 | D        | Killed an ice beast
    84 | D        | Reached skill level 5 in Maces & Flails
    84 | D        | Reached XP level 4. HP: 31/32 MP: 4/4
    84 | D        | Reached XP level 5. HP: 35/36 MP: 5/5
    87 | D        | Killed an ogre
    94 | D        | Found a roughly hewn altar of Beogh.
    94 | D        | Found a snail-covered altar of Cheibriados.
    94 | D        | Found a shadowy altar of Dithmenos.
    94 | D        | Found a white marble altar of Elyvilon.
    94 | D        | Found a blossoming altar of Fedhas.
    94 | D        | Found an opulent altar of Gozag.
    95 | D        | Found a hazy altar of Hepliaklqana.
    96 | D        | Found a viscous altar of Jiyva.
    97 | D        | Found an ancient bone altar of Kikubaaqudgha.
    98 | D        | Found a corrupted altar of Lugonu.
    99 | D        | Found a burning altar of Makhleb.
   100 | D        | Found a sparkling altar of Nemelex Xobeh.
   101 | D        | Found an iron altar of Okawaru.
   102 | D        | Found a stormy altar of Qazlal.
   103 | D        | Found a sacrificial altar of Ru.
   106 | D        | Became a worshipper of Gozag Ym Sagoz the Greedy
   109 | D        | Found a deep blue altar of Sif Muna.
   110 | D        | Found a bloodstained altar of Trog.
   111 | D        | Found a hide-covered altar of Uskayaw.
   112 | D        | Found a radiant altar of Vehumet.
   113 | D        | Found an ornate altar of the Wu Jian Council.
   114 | D        | Found a shimmering altar of Xom.
   115 | D        | Found a basalt altar of Yredelemnul.
   116 | D        | Found a glowing silver altar of Zin.
   117 | D        | Found a glowing golden altar of the Shining One.
   309 | D        | Noticed a two-headed ogre
   309 | D        | Noticed a hippogriff
   309 | D        | Noticed an orc warrior
   309 | D        | Noticed an orc warrior
   320 | D        | HP: 2/57 [two-headed ogre/giant club (16)]
   322 | D        | Demolished by a two-headed ogre

Vault maps used:
D:        linesprint

Skill      XL: |  1  2  3  4  5 |
---------------+----------------+-----
Fighting       | 4 6 7 |  7.1
Maces & Flails | 3 5 6 |  6.0
Armour         | 4 6 7 |  7.1
Shields        | 4 6 7 |  7.1

Action                   |  1- 3 |  4- 6 || total
-------------------------+-------+-------++-------
Melee: Flail             |    40 |    15 ||    55
  Use: Potion            |     2 |     1 ||     3
Armor: Scale mail        |    22 |       ||    22
       Chain mail        |       |     2 ||     2
Dodge: Dodged            |     7 |     3 ||    10
Block: Shield            |    22 |     4 ||    26
